 Dungeon Crawl Stone Soup version 0.18.1-50-g88ac8fd (webtiles) character file.

279 Jawreze the Chiller (level 6, -7/42 HPs)
             Began as a Human Ice Elementalist on Oct 8, 2016.
             Was an Initiate of Ru.
             Killed from afar by an orc wizard (8 damage)
             ... with a magic dart
             ... on level 3 of the Dungeon.
             The game lasted 00:28:15 (2933 turns).

Jawreze the Chiller (Human Ice Elementalist)        Turns: 2933, Time: 00:28:16

Health: -7/42      AC:  3    Str:  9    XL:     6   Next: 52%
Magic:  2/10       EV: 12    Int: 17    God:    Ru [......]
Gold:   136        SH:  0    Dex: 13    Spells: 3 memorised, 3 levels left

rFire  . . .     SeeInvis .     p - +4 quarterstaff (chaos)
rCold  . . .     Gourm    .     a - +1 robe
rNeg   . . .     Faith    .     (shield currently unavailable)
rPois  .         Spirit   .     (no helmet)
rElec  .         Dismiss  .     (no cloak)
rCorr  .         Reflect  .     (no gloves)
SustAt .         Harm     .     (no boots)
MR     .....                    (no amulet)
Stlth  ++........               (no ring)
                                (no ring)

@: not resistant to hostile enchantments, unstealthy
A: no striking features
a: Sacrifice Nimbleness, Sacrifice Durability, Sacrifice a Hand, Reject
Sacrifices, Renounce Religion


You were on level 3 of the Dungeon.
You worshipped Ru.
Ru was noncommittal.
You were not hungry.

You visited 1 branch of the dungeon, and saw 3 of its levels.

You collected 136 gold pieces.

Inventory:

Hand Weapons
 d - a +0 hunting sling
 h - a +0 dagger
 k - a +0 club
 n - a +0 whip
 p - a +4 quarterstaff of chaos (weapon)
 r - a +0 mace
 w - a +0 rapier
 y - a +0 whip
Missiles
 e - 54 stones (quivered)
 t - 72 sling bullets
 z - 11 arrows
Armour
 a - a +1 robe (worn)
 j - a +0 cloak
 l - a +0 scale mail
 q - a +0 cloak
 u - a +0 ring mail
 B - a cursed +0 chain mail
Jewellery
 f - a cursed -2 ring of dexterity {unknown}
 o - an uncursed ring of protection from fire {unknown}
 v - an uncursed ring of stealth {unknown}
Wands
 m - a wand of slowing (48/48)
Scrolls
 g - a scroll of teleportation
 x - a scroll of identify
 A - a scroll of remove curse {unknown}
Potions
 i - a potion of curing {unknown}
 C - a potion of lignification {unknown}
Books
 b - a book of Frost

   Spells                             Type                      Level
   a - Freeze                         Ice                          1
   b - Throw Frost                    Conjuration/Ice              2
   c - Ozocubu's Armour               Charms/Ice                   3
   d - Throw Icicle                   Conjuration/Ice              4
   e - Summon Ice Beast               Ice/Summoning                4
Comestibles
 c - 2 bread rations
 s - 3 meat rations
 D - 2 fruits


   Skills:
 + Level 0.8 Fighting
 + Level 0.6 Staves
 + Level 3.1 Slings
 + Level 0.4(2.0) Throwing
 + Level 2.5 Dodging
 + Level 2.4 Stealth
 + Level 2.8 Spellcasting
 + Level 1.0 Conjurations
 + Level 4.5 Ice Magic
 + Level 0.2 Evocations


You had 3 spell levels left.
You knew the following spells:

 Your Spells              Type           Power        Failure   Level  Hunger
a - Freeze                Ice            ###.         2%          1    #......
b - Summon Ice Beast      Ice/Summ       ##......     82%         4    #####..
c - Throw Frost           Conj/Ice       ##....       12%         2    ##.....


Dungeon Overview and Level Annotations

Branches:
Dungeon (3/15)

Altars:
Ru


Message History

* * * LOW HITPOINT WARNING * * *
There is an escape hatch in the floor here.
You hit the orc wizard.
The orc wizard is poisoned.
The orc wizard is moderately wounded.
The orc wizard hits you with a dagger.
* * * LOW HITPOINT WARNING * * *
You hit the orc. You freeze the orc.
The orc is severely wounded.
The orc wizard hits you with a dagger.
* * * LOW HITPOINT WARNING * * *
The orc wizard closely misses you.
You hit the orc wizard. You burn the orc wizard.
The orc wizard is severely wounded.
The orc wizard casts a spell at you. You resist with some effort.
The orc wizard hits you with a dagger.
* * * LOW HITPOINT WARNING * * *
You hear some strange, mumbled words.
A magic dart appears from out of thin air!
The magic dart hits you!
You die...

##..#..# #.##.# #.######.
...#_#.# #<##.# #.# #.
....#..# ..##.# #.# ##
.#.....# ####.# #.# #.
.####.## #.# #.# #. ...##.#
# #.# #.# #.
.#.##.####.#####.########.#
##
...............#o.........#
#
..###.........o)@.#########
..# ##########.##.# ..#
#.##.# #### ..# #.##.#####
#... ..# ##.##....(# #...
..#### #..######(# #...
...... #.## #)# ##.# #....#
#.# #)# #.# ###.#
#.####.#######.## #.#


You could see an orc wizard and an orc.

Vanquished Creatures
  A spatial vortex (D:3)
  Crazy Yiuf (D:2)
  An orc wizard (D:3)
  Natasha (thrice) (D:2)
  Ijyb (D:2)
  5 adders (D:2)
  2 worms
  2 dart slugs
  4 orcs (D:3)
  4 giant cockroaches
  4 hobgoblins
  4 jackals
  3 quokkas (D:2)
  A ball python (D:2)
  8 bats
  4 giant newts
  3 goblins (D:1)
  10 kobolds
  6 rats
67 creatures vanquished.

Notes
Turn   | Place    | Note
--------------------------------------------------------------
     0 | D:1      | Jawreze the Human Ice Elementalist began the quest for the Orb.
     0 | D:1      | Reached XP level 1. HP: 13/13 MP: 3/3
   173 | D:1      | Reached XP level 2. HP: 19/19 MP: 5/5
   578 | D:1      | Reached skill level 1 in Slings
   578 | D:1      | Reached XP level 3. HP: 24/24 MP: 6/6
   888 | D:2      | Noticed Ijyb
   894 | D:2      | Killed Ijyb
   894 | D:2      | Reached XP level 4. HP: 22/30 MP: 0/7
  1089 | D:2      | Noticed Natasha
  1096 | D:2      | Killed Natasha
  1096 | D:2      | Reached skill level 4 in Ice Magic
  1132 | D:2      | Noticed Crazy Yiuf
  1180 | D:2      | Killed Crazy Yiuf
  1180 | D:2      | Reached XP level 5. HP: 4/35 MP: 5/8
  1560 | D:2      | Noticed Natasha
  1568 | D:2      | Killed Natasha
  1574 | D:2      | Noticed Natasha
  1587 | D:2      | Killed Natasha
  2094 | D:2      | Reached XP level 6. HP: 38/41 MP: 5/10
  2450 | D:3      | Found a faded altar to an unknown god.
  2462 | D:3      | Became a worshipper of Ru the Awakened
  2470 | D:3      | Learned a level 4 spell: Summon Ice Beast
  2571 | D:3      | Noticed a spatial vortex
  2588 | D:3      | Killed a spatial vortex
  2867 | D:3      | Learned a level 2 spell: Throw Frost
  2933 | D:3      | HP: 1/42 [orc wizard/dagger (4)]
  2933 | D:3      | Killed from afar by an orc wizard

Skill      XL: |  1  2  3  4  5  6 |
---------------+-------------------+-----
Slings         | 1 2 3 |  3.1
Ice Magic      | 4 |  4.5
Fighting       | |  0.8
Staves         | |  0.6
Throwing       | |  0.4
Dodging        | |  2.5
Stealth        | |  2.4
Spellcasting   | |  2.8
Conjurations   | |  1.0
Evocations     | |  0.2

Action                   |  1- 3 |  4- 6 || total
-------------------------+-------+-------++-------
Melee: Quarterstaff      |       |    82 ||    82
 Fire: Hunting sling     |    43 |    27 ||    70
Throw: Stone             |       |    50 ||    50
 Cast: Freeze            |    16 |    24 ||    40
       Throw Frost       |       |     6 ||     6
Evoke: Wand              |       |     1 ||     1
  Use: Scroll            |     4 |     4 ||     8
  Eat: Chunk             |       |     2 ||     2
       Meat ration       |       |     1 ||     1
Armor: Robe              |     4 |    13 ||    17
Dodge: Dodged            |    13 |    61 ||    74
